 Dungeon Crawl Stone Soup version 0.21-a0-142-gdd972a7 (webtiles) character file.

105 tilp the Conjurer (level 4, -1/33 HPs)
             Began as a Hill Orc Fire Elementalist on July 22, 2017.
             Slain by a white imp (2 damage)
             ... summoned by Natasha
             ... on level 3 of the Dungeon.
             The game lasted 00:08:06 (2574 turns).

tilp the Conjurer (Hill Orc Fire Elementalist)      Turns: 2574, Time: 00:08:07

Health: -1/33      AC:  2    Str: 10    XL:     4   Next: 81%
Magic:  0/7        EV: 12    Int: 16    God:
Gold:   90         SH:  0    Dex: 11    Spells: 1/7 levels left

rFire    . . .     SeeInvis .   i - -2 hand axe (curse)
rCold    . . .     Gourm    .   (no shield)
rNeg     . . .     Faith    .   a - +0 robe
rPois    .         Spirit   .   (no helmet)
rElec    .         Reflect  .   (no cloak)
rCorr    .         Harm     .   (no gloves)
MR       .....                  (no boots)
Stlth    ++........             (no amulet)
HPRegen  0.11/turn              (no ring)
MPRegen  0.10/turn              (no ring)

@: very slightly contaminated, slowed, very slow
A: no striking features
a: no special abilities


You were on level 3 of the Dungeon.
You were not hungry.

You visited 1 branch of the dungeon, and saw 3 of its levels.

You collected 90 gold pieces.

Inventory:

Hand Weapons
 i - a cursed -2 hand axe (weapon)
 s - a +0 dagger
 v - a +0 short sword
Missiles
 e - 62 stones (quivered)
Armour
 a - a +0 robe (worn)
Jewellery
 f - a +6 ring of protection {unknown}
 j - an uncursed ring of resist corrosion {unknown}
 n - an uncursed amulet of guardian spirit {unknown}
 w - an uncursed ring of poison resistance {unknown}
Scrolls
 h - a scroll of teleportation {unknown}
 k - a scroll of magic mapping {unknown}
 m - 2 scrolls of identify {unknown}
 o - 2 scrolls of blinking {unknown}
 r - a scroll of recharging {unknown}
Potions
 g - a potion of haste {unknown}
 p - a potion of invisibility {unknown}
 q - a potion of ambrosia {unknown}
 t - a potion of lignification {unknown}
 x - a potion of flight {unknown}
Books
 b - a book of Flames

   Spells                             Type                      Level
   a - Flame Tongue                   Conjuration/Fire             1
   b - Throw Flame                    Conjuration/Fire             2
   c - Conjure Flame                  Conjuration/Fire             3
   d - Inner Flame                    Hexes/Fire                   3
   e - Sticky Flame                   Conjuration/Fire             4
   f - Fireball                       Conjuration/Fire             5
Comestibles
 c - 3 bread rations
 d - a chunk of flesh
 l - a meat ration
 u - 3 royal jellies


   Skills:
 - Level 1.5 Dodging
 - Level 1.5 Stealth
 - Level 2.1 Spellcasting
 - Level 4.0 Conjurations
 + Level 3.3 Fire Magic


You had one spell level left.
You knew the following spells:

 Your Spells              Type           Power        Failure   Level  Hunger
a - Flame Tongue          Conj/Fire      ##...        4%          1    #......
b - Throw Flame           Conj/Fire      ##....       7%          2    ###....
c - Conjure Flame         Conj/Fire      ##......     14%         3    ###....


Dungeon Overview and Level Annotations

Branches:
Dungeon (3/15)

Altars:

Annotations:
D:3 Natasha


Message History

Natasha closely misses you.
You closely miss Natasha.
Natasha is almost dead.
Natasha mumbles some strange words.
Natasha barely misses you.
You hit Natasha.
Natasha is almost dead.
Natasha claws you!
* * * LOW HITPOINT WARNING * * *
The white imp grins evilly.
Natasha barely misses you.
Casting: Flame Tongue
Confirm with . or Enter, or press ? or * to list all spells.
Aiming: Flame Tongue
Press: ? - help, Shift-Dir - straight line, f/p - Natasha
Aim: Natasha (almost dead)
The flame tongue hits Natasha.
Natasha appears unharmed.
Natasha is almost dead.
Natasha closely misses you. The white imp hits you.
You die...

.(.........#.# #.####.
...............# #......
..............## #...###
...............####.#.#
................#...#<###
............###.......>..
..........#.###..........
##.?...h5................
#.......@...##...........
#.......(..###.(.........
#..........# #...........
#.........)# #...<.......
#..........# ##..........
##........## ##.....#...
#.......... ##########
#...$......# ..........#


You could see Natasha and a white imp.

Vanquished Creatures
  3 gnolls
  2 adders (D:2)
  2 worms (D:2)
  A dart slug (D:1)
  2 ball pythons (D:1)
  A giant cockroach (D:3)
  4 goblins
  7 hobgoblins
  6 jackals
  8 bats
  4 frilled lizards
  5 kobolds
  6 rats
51 creatures vanquished.

Notes
Turn   | Place    | Note
-------+----------+-------------------------------------------
     0 | D:1      | tilp the Hill Orc Fire Elementalist began the quest for the Orb.
     0 | D:1      | Reached XP level 1. HP: 14/14 MP: 3/3
   327 | D:1      | Reached XP level 2. HP: 18/20 MP: 0/5
   595 | D:1      | Learned a level 2 spell: Throw Flame
  1033 | D:1      | Reached skill level 2 in Conjurations
  1033 | D:1      | Reached XP level 3. HP: 26/26 MP: 2/6
  1550 | D:2      | Reached skill level 3 in Conjurations
  1559 | D:2      | Learned a level 3 spell: Conjure Flame
  1612 | D:2      | Reached XP level 4. HP: 14/33 MP: 3/7
  2490 | D:3      | Reached skill level 4 in Conjurations
  2563 | D:3      | Noticed Natasha
  2573 | D:3      | HP: 1/33 [Natasha (9)]
  2574 | D:3      | Slain by a white imp

Vault maps used:
D:1:      minmay_arrival_jagged
D:2:      minmay_statues_item, minmay_crystal_water
D:3:      grunt_temple_overflow_diamond, overflow_temple_1_default, first_bread,
          uniq_natasha, uniq_crazy_yiuf_cottage

Skill      XL: |  1  2  3  4 |
---------------+-------------+-----
Spellcasting   | 2 |  2.1
Conjurations   | 2 3 4 |  4.0
Dodging        | |  1.5
Stealth        | |  1.5
Fire Magic     | |  3.3

Action                   |  1- 3 |  4- 6 || total
-------------------------+-------+-------++-------
Melee: Unarmed           |     3 |       ||     3
       Hand axe          |    38 |    57 ||    95
       Club              |     2 |       ||     2
Throw: Stone             |     2 |     4 ||     6
 Cast: Flame Tongue      |    29 |    43 ||    72
       Throw Flame       |       |     2 ||     2
 Stab: Distracted        |     1 |       ||     1
       Sleeping          |       |     2 ||     2
  Eat: Chunk             |     3 |     4 ||     7
Armor: Robe              |     7 |    15 ||    22
Dodge: Dodged            |    40 |    66 ||   106
